[Event "Team 45 45 League T57"]
[Site "Internet Chess Club"]
[Date "2013.06.05"]
[Round "2"]
[White "FlyingTiger"]
[Black "cys456"]
[Result "0-1"]
[WhiteElo "1829"]
[BlackElo "1927"]
[Opening "Caro-Kann: advance variation"]
[ECO "B12"]
[Time "20:02:51"]
[TimeControl "2700+45"]

1. e4 c6 2. d4 d5 3. e5 c5 4. dxc5 Nc6 5. Bb5 e6 6. Be3 Ne7 7. c3 Bd7 8. Bxc6
Bxc6 9. Nf3 Nf5 10. Bd4 b6 11. cxb6 axb6 12. Qb3 Ba4 13. Qxb6 Qc8 14. b3 Bd7 15.
g4 Ra6 16. gxf5 Rxb6 17. Bxb6 Qa6 18. fxe6 fxe6 19. Bd4 Qd3 20. Nbd2 Bb5 21.
O-O-O Ba3# {White checkmated} 0-1

[Event "Team 45 45 League T57"]
[Site "Internet Chess Club"]
[Date "2013.06.04"]
[Round "2"]
[White "xwang1"]
[Black "imgr8"]
[Result "1-0"]
[WhiteElo "2088"]
[BlackElo "2105"]
[Opening "Sicilian: Kan, 5.Nc3"]
[ECO "B43"]
[Time "19:15:28"]
[TimeControl "2700+45"]

1. e4 c5 2. Nf3 e6 3. d4 cxd4 4. Nxd4 a6 5. Nc3 Qc7 6. Bd3 Nf6 7. O-O b5 8. Qe2
d6 9. f4 Nbd7 10. a3 Be7 11. Bd2 Bb7 12. Rae1 O-O 13. Kh1 Rfe8 14. e5 Nd5 15.
Qg4 Bf8 16. Nf3 g6 17. Ne4 Nc5 18. Nxc5 dxc5 19. c4 Nb6 20. cxb5 c4 21. Bc2 axb5
22. Nd4 Qc5 23. Be3 Qd5 24. Bg1 Na4 25. b3 Nc5 26. Nxb5 cxb3 27. Nc7 Qc4 28.
Nxe8 Rxe8 29. Bb1 Na4 30. Rc1 Qb5 31. Rfd1 Bxa3 32. Rc7 Bd5 33. f5 exf5 34. Qd4
Be6 35. Ra7 Bb4 36. Bd3 Qc6 37. Qxb4 Nb2 38. Bb5 Qc2 39. Rd2 Rc8 40. Rxc2 bxc2
41. Ra1 {Black resigns} 1-0

[Event "Team 45 45 League T57"]
[Site "Internet Chess Club"]
[Date "2013.06.02"]
[Round "2"]
[White "irock"]
[Black "DARKwizard1"]
[Result "0-1"]
[WhiteElo "1896"]
[BlackElo "2009"]
[Opening "KP: Nimzovich defense"]
[ECO "B00"]
[Time "18:21:52"]
[TimeControl "2700+45"]

1. e4 Nc6 2. d4 e5 3. d5 Nce7 4. Nc3 Nf6 5. f4 d6 6. Nf3 exf4 7. Bxf4 Ng6 8. Be3
Be7 9. Qd2 a6 10. O-O-O c5 11. dxc6 bxc6 12. Bd4 Bb7 13. e5 dxe5 14. Nxe5 O-O
15. Nxg6 fxg6 16. Bc4+ Kh8 17. Qe3 Nd5 18. Qg3 Bh4 19. Qd3 Qa5 20. Nxd5 cxd5 21.
Bb3 Rad8 22. Rhf1 Bg5+ 23. Kb1 Qc7 24. g3 Bf6 25. Qf3 h6 26. c3 Kh7 27. Qg2 Bxd4
28. Rxf8 Rxf8 29. Rxd4 Rf5 30. Bxd5 Rxd5 31. Rxd5 Qc4 32. Rc5 Qd3+ {White
resigns} 0-1

[Event "Team 45 45 League T57"]
[Site "Internet Chess Club"]
[Date "2013.06.02"]
[Round "2"]
[White "laurenpar"]
[Black "Mymas"]
[Result "1/2-1/2"]
[WhiteElo "1906"]
[BlackElo "1665"]
[Opening "English opening"]
[ECO "A05"]
[Time "09:00:09"]
[TimeControl "2700+45"]

1. Nf3 Nf6 2. c4 e6 3. g3 c5 4. Bg2 d5 5. O-O Be7 6. e3 O-O 7. b3 Ne4 8. Bb2 Bf6
9. Qc2 Nc6 10. a3 Na5 11. d3 Bxb2 12. Qxb2 Nf6 13. b4 Qb6 14. d4 Nxc4 15. dxc5
Nxb2 16. cxb6 axb6 17. Nbd2 b5 18. Nd4 Bd7 19. e4 Nc4 20. Nxc4 dxc4 21. Ne2 Bc6
22. Nc3 Rfd8 23. f3 Rd3 24. Rfc1 h6 {Game drawn by mutual agreement} 1/2-1/2

[Event "Team 45 45 League T57"]
[Site "Internet Chess Club"]
[Date "2013.05.31"]
[Round "2"]
[White "zigzag2002"]
[Black "primerpaso"]
[Result "1/2-1/2"]
[WhiteElo "1902"]
[BlackElo "1865"]
[Opening "Sicilian: Alapin's variation (2.c3)"]
[ECO "B22"]
[Time "20:04:57"]
[TimeControl "2700+45"]

1. e4 c5 2. c3 Nc6 3. d4 cxd4 4. cxd4 Nf6 5. d5 Nb8 6. Nc3 d6 7. Bd3 e6 8. Bb5+
Bd7 9. dxe6 fxe6 10. Bxd7+ Qxd7 11. Nf3 Nc6 12. Be3 Be7 13. O-O O-O 14. Qe2 Ng4
15. Bd2 Rac8 16. Rad1 Bf6 17. Bc1 Qe7 18. h3 Nge5 19. Nxe5 Bxe5 20. f4 Bxc3 21.
bxc3 Na5 22. Qb5 Nc4 23. Rd4 Rc5 24. Qb3 Rfc8 25. f5 e5 26. Rd3 R8c6 27. Ba3 Rb6
28. Bxc5 Rxb3 29. axb3 dxc5 30. bxc4 Kf7 31. Rfd1 Ke8 32. Rd6 Qh4 33. Re6+ Kf8
34. Rxe5 Qf4 35. Re6 Qe3+ 36. Kh2 Qxc3 37. Rd8+ Kf7 38. Rd7+ Kf8 39. Rxb7 Qe3
40. Rxa7 Qf4+ 41. Kg1 Qe3+ 42. Kf1 Qd3+ 43. Kf2 Qd2+ 44. Kf3 Qd3+ 45. Kf4 Qd2+
46. Kg3 {Game drawn by mutual agreement} 1/2-1/2

[Event "Team 45 45 League T57"]
[Site "Internet Chess Club"]
[Date "2013.06.03"]
[Round "2"]
[White "sockmonkey"]
[Black "NimzoMal"]
[Result "1/2-1/2"]
[WhiteElo "1734"]
[BlackElo "1947"]
[Opening "Nimzo-Indian: 4.e3 O-O, 5.Bd3 d5"]
[ECO "E48"]
[Time "14:15:11"]
[TimeControl "2700+45"]

1. d4 Nf6 2. c4 e6 3. Nc3 Bb4 4. e3 O-O 5. Bd3 d5 6. cxd5 exd5 7. Ne2 c5 8. a3
Bxc3+ 9. bxc3 Re8 10. O-O Qc7 11. f3 Nc6 12. Rb1 b6 13. Ng3 h5 14. Re1 h4 15.
Nf5 h3 16. g4 Bxf5 17. Bxf5 g6 18. Bd3 Kg7 19. g5 Nh7 20. f4 f6 21. gxf6+ Nxf6
22. Qc2 Qd7 23. dxc5 bxc5 24. Kh1 Qg4 25. Qf2 Ne4 26. Bxe4 Rxe4 27. Rg1 Qd7 28.
Bd2 Ne7 29. Rg5 Rh8 30. Rbg1 Kf7 31. Qf3 Qe6 32. R1g3 {Game drawn by mutual
agreement} 1/2-1/2

[Event "Team 45 45 League T57"]
[Site "Internet Chess Club"]
[Date "2013.06.01"]
[Round "2"]
[White "Leon13"]
[Black "ILRE"]
[Result "0-1"]
[WhiteElo "1275"]
[BlackElo "1520"]
[Opening "French: advance, Euwe variation"]
[ECO "C02"]
[Time "16:00:38"]
[TimeControl "2700+45"]

1. e4 e6 2. d4 d5 3. e5 c5 4. c3 Nc6 5. Nf3 Bd7 6. Be3 Qb6 7. Qc2 Rc8 8. dxc5
Bxc5 9. Bxc5 Qxc5 10. Nbd2 Nge7 11. Bd3 Nb4 12. Qb1 Nxd3+ 13. Qxd3 h6 14. Rc1
O-O 15. Nb3 Qc7 16. O-O Ng6 17. Rfe1 a6 18. Qd4 Bb5 19. a4 Bd7 20. Nbd2 b5 21.
axb5 Bxb5 22. h3 Ne7 23. Nh2 Nf5 24. Qf4 Qb6 25. Ndf3 Rc4 26. Qd2 Rfc8 27. Ng4
d4 28. Nxd4 Nxd4 29. cxd4 Rxc1 30. Rxc1 Rxc1+ 31. Qxc1 Qxd4 32. b3 h5 33. Qe3
Qd1+ 34. Kh2 hxg4 35. hxg4 Qxg4 36. f3 Qb4 37. Qg5 Qd4 38. f4 Qd3 39. Qe7 Qh7+
40. Kg1 Qh5 41. Qd8+ Kh7 42. Qd4 Qg4 43. Qe4+ g6 44. Kf2 Qh4+ 45. Kg1 Qg4 46.
Qd4 Bc6 47. Qd2 Qg3 48. b4 Bb5 49. Qf2 Qxf2+ 50. Kxf2 Kg8 51. Ke3 Kf8 52. Kd4
Ke7 53. g4 f6 54. g5 fxg5 55. fxg5 Kd7 56. Kc5 Kc7 57. Kd4 Kc6 58. Kc3 Kd5
{White resigns} 0-1

[Event "Team 45 45 League T57"]
[Site "Internet Chess Club"]
[Date "2013.06.01"]
[Round "2"]
[White "PaulRichard"]
[Black "Andaluz"]
[Result "1/2-1/2"]
[WhiteElo "1518"]
[BlackElo "1156"]
[Opening "Sicilian: Canal-Sokolsky attack, 3...Bd7"]
[ECO "B52"]
[Time "12:01:26"]
[TimeControl "2700+45"]

1. e4 c5 2. Nf3 d6 3. Bb5+ Bd7 4. Bxd7+ Nxd7 5. O-O Ngf6 6. Re1 e5 7. c3 Be7 8.
d4 O-O 9. Na3 a6 10. dxe5 dxe5 11. Nc4 Qc7 12. Qc2 b5 13. Ne3 Nb6 14. Nf5 Rae8
15. Nxe7+ Qxe7 16. Bg5 h6 17. Bh4 Qe6 18. b3 c4 19. Bg3 Nfd7 20. Nh4 Nc8 21. Nf5
Kh7 22. b4 Ne7 23. Nxe7 Qxe7 24. a4 Ra8 25. axb5 axb5 26. Ra2 Nb6 27. Rea1 Rxa2
28. Rxa2 Ra8 29. Rxa8 Nxa8 30. Qd2 Nb6 {Game drawn by mutual agreement} 1/2-1/2

[Event "Team 45 45 League T57"]
[Site "Internet Chess Club"]
[Date "2013.06.02"]
[Round "2"]
[White "otherook"]
[Black "divy7"]
[Result "1-0"]
[WhiteElo "1772"]
[BlackElo "1640"]
[Opening "English opening"]
[ECO "A20"]
[Time "15:10:42"]
[TimeControl "2700+45"]

1. c4 e5 2. g3 c6 3. d4 Bb4+ 4. Bd2 Qa5 5. a3 Bxd2+ 6. Qxd2 Qxd2+ 7. Nxd2 exd4
8. Nb3 Nf6 9. Nxd4 d5 10. e3 Be6 11. Nxe6 fxe6 12. Nf3 Nbd7 13. Nd4 Ke7 14. Bh3
Nf8 15. cxd5 exd5 16. O-O Rd8 17. Rac1 g6 18. b4 Kd6 19. Rfd1 a6 20. f3 Kc7 21.
Kf2 N6d7 22. b5 axb5 23. Nxb5+ Kb6 24. Nd6 Ne5 25. Rb1+ Kc7 26. Nxb7 Ra8 27. Nc5
Rxa3 28. Rb7+ Kd6 29. Ne4# {Black checkmated} 1-0

[Event "Team 45 45 League T57"]
[Site "Internet Chess Club"]
[Date "2013.05.31"]
[Round "2"]
[White "juniorVishy"]
[Black "hondocando"]
[Result "1-0"]
[WhiteElo "1618"]
[BlackElo "1494"]
[Opening "King's Indian defense, 3.Nc3"]
[ECO "E61"]
[Time "17:06:01"]
[TimeControl "2700+45"]

1. d4 Nf6 2. c4 g6 3. Nc3 e6 4. e4 d6 5. Nf3 h6 6. h3 b6 7. Bd3 Bb7 8. O-O Nbd7
9. Bf4 Bg7 10. Bc2 O-O 11. Re1 Nh7 12. Qd2 g5 13. Bh2 f5 14. exf5 exf5 15. d5
Qf6 16. Re6 Qf7 17. Rae1 Rae8 18. Nd4 Bxd4 19. Qxd4 c5 20. Qd2 f4 21. Bg6 Qg7
22. Bxe8 Ne5 23. b3 Bc8 24. R1xe5 Bxe6 25. Rxe6 Nf6 26. Bc6 a6 27. Qe2 g4 28.
hxg4 Nxg4 29. Qe4 Kh8 30. Re7 Nf6 31. Rxg7 Nxe4 32. Nxe4 Kxg7 33. Nxd6 Kg6 34.
Bb7 a5 35. Kf1 f3 36. Ne4 Rf7 37. Bc6 Kg7 38. d6 Kf8 39. d7 fxg2+ 40. Kxg2 Ke7
41. Bd6+ Kd8 42. Bb8 Rg7+ 43. Kf1 h5 44. Nd6 Rxd7 45. Bxd7 Kxd7 46. f4 {Black
resigns} 1-0

[Event "Team 45 45 League T57"]
[Site "Internet Chess Club"]
[Date "2013.06.02"]
[Round "2"]
[White "crazyhorses"]
[Black "AndyYang2002"]
[Result "1-0"]
[WhiteElo "1425"]
[BlackElo "1419"]
[Opening "Ruy Lopez: Steinitz defense deferred (Russian defense)"]
[ECO "C79"]
[Time "13:01:09"]
[TimeControl "2700+45"]

1. e4 e5 2. Nf3 Nc6 3. Bb5 a6 4. Ba4 d6 5. O-O Nf6 6. d3 b5 7. Bb3 Be7 8. c3 Bg4
9. Nbd2 O-O 10. Re1 d5 11. exd5 Nxd5 12. Ne4 h6 13. Ng3 Na5 14. Bc2 Bf6 15. h3
Bxf3 16. Qxf3 Nc6 17. Ne4 Qd6 18. Nxd6 cxd6 19. Qxd5 Ne7 20. Qf3 Rac8 21. Bxh6
b4 22. d4 Rc4 23. Qd3 g6 24. Bxf8 Kxf8 25. Qxc4 d5 26. Qc7 Nf5 {Black resigns}
1-0

[Event "Team 45 45 League T57"]
[Site "Internet Chess Club"]
[Date "2013.06.02"]
[Round "2"]
[White "moodle"]
[Black "caglar"]
[Result "0-1"]
[WhiteElo "1383"]
[BlackElo "1528"]
[Opening "Four knights: Spanish, classical defense"]
[ECO "C48"]
[Time "13:01:21"]
[TimeControl "2700+45"]

1. e4 e5 2. Nf3 Nc6 3. Nc3 Nf6 4. Bb5 Bc5 5. O-O d6 6. d3 h6 7. a4 O-O 8. Re1
Bg4 9. Be3 Nd4 10. Bxd4 Bxd4 11. h3 Bxf3 12. Qxf3 c6 13. Bc4 Qc7 14. Rab1 Bxc3
15. bxc3 Qa5 16. Rxb7 Qxa4 17. Qe2 Rab8 18. Rxb8 Rxb8 19. Bb3 Qa5 20. Qd2 Nh5
21. Re3 Nf4 22. Rg3 Qa1+ 23. Kh2 Qf1 24. Qe3 Ne2 25. h4 Qg1+ 26. Kh3 Nf4+ 27.
Kg4 h5+ 28. Kf5 g6+ 29. Kf6 Qh2 30. Rxg6+ Nxg6 31. Bxf7+ Kh7 32. Bxg6+ Kg8 33.
Qg5 Qf4+ 34. Qxf4 Rf8+ 35. Kg5 Rxf4 36. Bxh5 Rxf2 37. Bf3 a5 38. h5 Rxf3 39.
gxf3 Kh7 40. h6 a4 {White resigns} 0-1

[Event "Team 45 45 League T57"]
[Site "Internet Chess Club"]
[Date "2013.05.30"]
[Round "2"]
[White "Froggy"]
[Black "fledermaus"]
[Result "1/2-1/2"]
[WhiteElo "2202"]
[BlackElo "1960"]
[Opening "Sicilian: closed"]
[ECO "B23"]
[Time "15:01:15"]
[TimeControl "2700+45"]

1. e4 c5 2. Nc3 e6 3. f4 d5 4. Nf3 dxe4 5. Nxe4 Be7 6. g3 Nc6 7. Bg2 Nh6 8. b3
O-O 9. Bb2 Nf5 10. Ne5 Nfd4 11. Nxc6 Nxc6 12. Qh5 Nd4 13. O-O-O f6 14. Kb1 Qc7
15. Rde1 Bd7 16. h4 Be8 17. Qd1 Bf7 18. h5 h6 19. Rhf1 Kh8 20. Nf2 Rfe8 21. Be4
Bd6 22. Bg6 e5 23. Bxf7 Qxf7 24. c3 Nc6 25. f5 Red8 26. Qe2 a6 27. g4 Bf8 28. d3
b5 29. Rd1 Qd5 30. Ne4 Rd7 31. g5 fxg5 32. f6 Rf7 33. fxg7+ Bxg7 34. Rxf7 Qxf7
35. Nxc5 Qd5 36. Ne4 Rd8 37. Kc2 b4 38. c4 Nd4+ 39. Bxd4 Qxd4 40. Rf1 a5 41. Rf3
Qa1 42. Nc5 Qxa2+ 43. Kd1 Qa1+ 44. Kd2 Qd4 45. Qe3 Qb2+ 46. Ke1 e4 47. Qxe4 Qc1+
48. Kf2 Bd4+ 49. Ke2 Qb2+ 50. Kf1 Bxc5 51. Rf7 Qc1+ 52. Ke2 Qc2+ 53. Ke1 Qc3+
54. Ke2 Qc2+ 55. Ke1 Qc1+ {Game drawn by mutual agreement} 1/2-1/2

[Event "Team 45 45 League T57"]
[Site "Internet Chess Club"]
[Date "2013.05.31"]
[Round "2"]
[White "DavidBarnsley"]
[Black "Goli"]
[Result "0-1"]
[WhiteElo "1947"]
[BlackElo "1895"]
[Opening "Robatsch (modern) defense"]
[ECO "B06"]
[Time "17:04:49"]
[TimeControl "2700+45"]

1. e4 g6 2. d4 Bg7 3. c3 d6 4. Bg5 Nf6 5. Nd2 O-O 6. f4 h6 7. Bh4 c5 8. dxc5
dxc5 9. Bc4 a6 10. a4 Nc6 11. Ngf3 Bg4 12. h3 Bxf3 13. Qxf3 Qc7 14. O-O e6 15.
Qe2 Nh5 16. Qe3 Na5 17. Ba2 b5 18. Bf2 Nxf4 19. Qxc5 Ne2+ 20. Kh1 Ng3+ 21. Bxg3
Qxc5 {White resigns} 0-1

[Event "Team 45 45 League T57"]
[Site "Internet Chess Club"]
[Date "2013.06.02"]
[Round "2"]
[White "Inquisiteur"]
[Black "SaltofLife"]
[Result "0-1"]
[WhiteElo "1634"]
[BlackElo "1892"]
[Opening "Nimzo-Indian: 4.e3 O-O, 5.Bd3 d5"]
[ECO "E48"]
[Time "10:00:23"]
[TimeControl "2700+45"]

1. d4 Nf6 2. c4 e6 3. Nc3 Bb4 4. e3 O-O 5. Bd3 d5 6. Ne2 dxc4 7. Bxc4 b6 8. f3
c5 9. a3 Ba5 10. O-O Bb7 11. Qc2 Bxc3 12. Qxc3 cxd4 13. Nxd4 a6 14. b4 Nbd7 15.
Bxe6 fxe6 16. Nxe6 Qc8 17. Nc7 Ra7 18. e4 Bxe4 19. fxe4 Rxc7 20. Qb3+ Kh8 21.
Bb2 Nxe4 {White resigns} 0-1

[Event "Team 45 45 League T57"]
[Site "Internet Chess Club"]
[Date "2013.05.31"]
[Round "2"]
[White "fishhead"]
[Black "NimzoMal"]
[Result "0-1"]
[WhiteElo "1885"]
[BlackElo "1947"]
[Opening "French: Tarrasch, closed variation"]
[ECO "C05"]
[Time "15:00:07"]
[TimeControl "2700+45"]

1. e4 e6 2. d4 d5 3. Nd2 Nf6 4. e5 Nfd7 5. Bd3 c5 6. c3 Nc6 7. Ne2 Qb6 8. Nf3
cxd4 9. cxd4 f6 10. exf6 Nxf6 11. O-O Bd6 12. Bf4 Bxf4 13. Nxf4 Qxb2 14. Re1 O-O
15. Re2 Qa3 16. Nxe6 Bxe6 17. Rxe6 Rae8 18. Bf5 g6 19. Rxe8 Rxe8 20. Bc2 b5 21.
Qd3 Qb2 22. Rb1 Qxa2 23. Rxb5 Nxd4 24. Qxd4 Qxc2 25. g4 Qe2 26. Rb3 Re4 27. Rb8+
Kg7 28. Qxa7+ Kh6 29. g5+ Kh5 30. h3 Qxf3 31. Rb1 Qxh3 {White resigns} 0-1

[Event "Team 45 45 League T57"]
[Site "Internet Chess Club"]
[Date "2013.06.03"]
[Round "2"]
[White "kyoroogi"]
[Black "Jack-ONeill"]
[Result "1/2-1/2"]
[WhiteElo "2075"]
[BlackElo "2058"]
[Opening "Alekhine's defense: modern, Larsen variation"]
[ECO "B04"]
[Time "14:03:34"]
[TimeControl "2700+45"]

1. e4 Nf6 2. e5 Nd5 3. d4 d6 4. Nf3 dxe5 5. Nxe5 c6 6. Nc3 Nxc3 7. bxc3 Nd7 8.
Nxd7 Bxd7 9. Bd3 g6 10. O-O Bg7 11. Rb1 b6 12. Re1 O-O 13. Bg5 Be6 14. a4 Qd7
15. Qf3 Rfe8 16. Bf4 Bf5 17. Be5 Bxd3 18. cxd3 Rac8 19. a5 b5 20. a6 Bxe5 21.
dxe5 Rcd8 22. d4 e6 23. Re4 Qd5 24. Qe2 Rb8 25. Rh4 Qd8 26. Rh3 Qg5 27. f4 Qxf4
28. Rf1 Qg5 29. Qf3 Rf8 30. Qxc6 Rb6 31. Qd7 Rxa6 32. Qxb5 Ra2 33. Rg3 Qd2 34.
Qc6 a5 35. Qf3 a4 36. h4 Rc2 37. h5 Rc1 38. hxg6 Rxf1+ 39. Qxf1 hxg6 40. Qf6
Qc1+ 41. Kh2 Qh6+ 42. Rh3 Qg7 43. Qe7 Ra8 44. Qa3 Qf8 45. c4 Qxa3 46. Rxa3 Rd8
47. Rd3 Ra8 48. Ra3 {Game drawn by mutual agreement} 1/2-1/2

[Event "Team 45 45 League T57"]
[Site "Internet Chess Club"]
[Date "2013.06.01"]
[Round "2"]
[White "Ptzz"]
[Black "ben622"]
[Result "0-1"]
[WhiteElo "2127"]
[BlackElo "1999"]
[Opening "Alekhine's defense: Balogh variation"]
[ECO "B03"]
[Time "10:03:17"]
[TimeControl "2700+45"]

1. e4 Nf6 2. e5 Nd5 3. d4 d6 4. Bc4 Nb6 5. Bb3 e6 6. Qe2 Nc6 7. Nf3 Be7 8. O-O
dxe5 9. dxe5 Nd4 10. Nxd4 Qxd4 11. Nd2 Bd7 12. Nf3 Qg4 13. h3 Qh5 14. Re1 O-O-O
15. Be3 Bc6 16. Nd4 Qxe2 17. Rxe2 Bd5 18. Nb5 a6 19. Bxb6 cxb6 20. Bxd5 Rxd5 21.
Nc3 Rd7 22. a3 Rhd8 23. g3 b5 24. Ne4 Rd1+ 25. Rxd1 Rxd1+ 26. Kg2 Rb1 27. c3 Rd1
28. Rd2 Rxd2 29. Nxd2 Kd7 30. Kf3 Bc5 31. Ne4 Be7 32. Nd2 Bc5 33. b4 Be7 34. Ke4
f5+ 35. Kd4 Kc6 36. c4 a5 37. c5 b6 38. cxb6 axb4 39. axb4 Bxb4 40. Kd3 Bxd2 41.
Kxd2 Kxb6 {White resigns} 0-1

[Event "Team 45 45 League T57"]
[Site "Internet Chess Club"]
[Date "2013.06.11"]
[Round "2"]
[White "alexping"]
[Black "Holgate"]
[Result "0-1"]
[WhiteElo "1785"]
[BlackElo "2040"]
[Opening "Czech Benoni defense"]
[ECO "A56"]
[Time "08:02:20"]
[TimeControl "2700+45"]

1. d4 Nf6 2. c4 c5 3. d5 e5 4. Nc3 d6 5. e4 Nbd7 6. Bd3 Be7 7. Nge2 O-O 8. O-O
Ne8 9. Bd2 g6 10. Bh6 Ng7 11. f4 exf4 12. Nxf4 Ne5 13. Be2 Bg5 14. Bxg5 Qxg5 15.
b3 Bd7 16. Nb5 Qe7 17. Nd3 f5 18. Nc3 fxe4 19. Nxe4 Nxc4 20. bxc4 Qxe4 21. Nf2
Qe3 22. Rb1 b6 23. Rb3 Qe7 24. Qd2 Rae8 25. Bf3 Nf5 26. Ra3 Nd4 27. Bd1 a5 28.
Rd3 b5 29. Rxd4 cxd4 30. Qxd4 Qe3 31. Qxe3 Rxe3 32. Bf3 bxc4 33. Ne4 c3 34. Nxd6
c2 35. Rc1 Rc3 36. Ne4 Rc4 37. Nd2 Rb8 38. Kf2 Rcc8 39. g4 Rb2 40. d6 Kg7 41. a3
Kf6 42. Ke3 Ke5 43. Be2 Be6 44. d7 Bxd7 45. Nc4+ Rxc4 46. Bxc4 Bxg4 47. Bg8 Bf5
48. Kd2 Rb1 49. Bxh7 Kf4 50. a4 Kg4 51. Rxc2 Bxc2 52. Kxc2 Rb6 {White resigns}
0-1

[Event "Team 45 45 League T57"]
[Site "Internet Chess Club"]
[Date "2013.06.01"]
[Round "2"]
[White "Holzschlange"]
[Black "bobhill"]
[Result "0-1"]
[WhiteElo "1820"]
[BlackElo "1914"]
[Opening "Sicilian: dragon, Yugoslav attack, Rauser variation"]
[ECO "B76"]
[Time "09:02:29"]
[TimeControl "2700+45"]

1. Nf3 c5 2. e4 d6 3. d4 cxd4 4. Nxd4 Nf6 5. Nc3 g6 6. Be3 Bg7 7. f3 Nc6 8. Qd2
O-O 9. O-O-O d5 10. exd5 Nxd5 11. Nxc6 bxc6 12. Bd4 e5 13. Bc5 Qa5 14. Bxf8 Bxf8
15. Nxd5 Qxa2 16. Nc3 Qa1+ 17. Nb1 Rb8 18. Qc3 Bh6+ 19. Rd2 Rxb2 20. Qxb2 Bxd2+
21. Kxd2 Qxb2 22. Bd3 Qd4 23. Re1 Bf5 24. Nc3 Qf4+ 25. Kd1 Bxd3 26. cxd3 Qxh2
27. Re2 Qg1+ 28. Kd2 Qd4 29. Re4 Qc5 30. Rc4 Qf2+ 31. Kc1 Qf1+ 32. Nd1 Qxd3 33.
Rxc6 a5 34. Rc2 a4 35. Nf2 Qe3+ 36. Kd1 h5 37. Re2 Qd4+ 38. Kc1 Qa1+ 39. Kd2 a3
40. Nd1 a2 {White resigns} 0-1

[Event "Team 45 45 League T57"]
[Site "Internet Chess Club"]
[Date "2013.05.29"]
[Round "2"]
[White "kutch"]
[Black "anna"]
[Result "0-1"]
[WhiteElo "1527"]
[BlackElo "1669"]
[Opening "QGD: 4.Bg5 Nbd7"]
[ECO "D51"]
[Time "19:10:43"]
[TimeControl "2700+45"]

1. d4 d5 2. c4 e6 3. Nc3 Nf6 4. Bg5 Nbd7 5. Nf3 Be7 6. e3 h6 7. Bh4 O-O 8. Bd3
c5 9. cxd5 exd5 10. O-O c4 11. Bc2 b6 12. Qe2 Bb7 13. Rad1 a6 14. a3 b5 15. Ne5
Re8 16. Qf3 Nb6 17. Rfe1 Rf8 18. e4 dxe4 19. Nxe4 Nxe4 20. Bxe4 Bxe4 21. Qxe4
Bxh4 22. Nc6 Qd5 23. Ne7+ Bxe7 24. Qxe7 Qd7 25. Qc5 Nd5 26. Re5 Rfd8 27. Rde1
Rac8 28. Rxd5 Qxd5 29. Re8+ Rxe8 30. Qxd5 Re1# {White checkmated} 0-1

[Event "Team 45 45 League T57"]
[Site "Internet Chess Club"]
[Date "2013.05.29"]
[Round "2"]
[White "vjbaker"]
[Black "jjaillet2007"]
[Result "0-1"]
[WhiteElo "1772"]
[BlackElo "1435"]
[Opening "French: exchange variation"]
[ECO "C01"]
[Time "19:30:05"]
[TimeControl "2700+45"]

1. e4 e6 2. d4 d5 3. exd5 exd5 4. Nf3 Bd6 5. Bd3 Nf6 6. c3 O-O 7. O-O Bg4 8. Bg5
h6 9. Bh4 Nbd7 10. Nbd2 c5 11. Bg3 Bxg3 12. fxg3 cxd4 13. cxd4 Re8 14. Re1 Bxf3
15. gxf3 Qb6 16. Nb3 a5 17. Qc2 Rac8 18. Rxe8+ Rxe8 19. Qc3 Ne5 20. Be2 Nc6 21.
Re1 Qb4 22. Qxb4 Nxb4 23. Kf2 b6 24. a3 Nc2 25. Rc1 Ne3 26. Bd3 g6 27. g4 h5 28.
g5 Nh7 29. h4 Nf5 30. Bxf5 gxf5 31. Rc7 Nf8 32. Nd2 Ne6 33. Rc1 Nxd4 34. Re1
Rxe1 35. Kxe1 Ne6 36. Kf2 f4 37. Ke2 f6 38. gxf6 Kf7 39. Kd3 Kxf6 40. Nb3 Ke5
41. a4 Nc5+ 42. Nxc5 bxc5 43. b3 Kd6 44. Kd2 Ke5 45. Kd3 Kd6 46. Kd2 c4 47. bxc4
dxc4 48. Kc2 Kc5 49. Kc3 Kd5 50. Kc2 Kd4 51. Kd2 c3+ 52. Kc2 Ke3 53. Kxc3 Kxf3
54. Kc4 Ke2 55. Kb5 f3 56. Kxa5 f2 57. Kb6 f1=Q 58. a5 Qf2+ 59. Kb7 Qxh4 60. a6
Qa4 61. a7 h4 62. Kb8 h3 63. a8=Q Qxa8+ 64. Kxa8 h2 65. Kb7 h1=Q+ 66. Kc7 Ke3
67. Kd6 Ke4 68. Ke6 Qh5 69. Kd6 Qe5+ 70. Kc6 Qd5+ 71. Kb6 Kd4 72. Kc7 Kc5 73.
Kb8 Kb6 74. Kc8 Qe6+ 75. Kd8 Qf7 76. Kc8 Qc7# {White checkmated} 0-1

[Event "Team 45 45 League T57"]
[Site "Internet Chess Club"]
[Date "2013.06.01"]
[Round "2"]
[White "Aquaman"]
[Black "Littlemon"]
[Result "0-1"]
[WhiteElo "1320"]
[BlackElo "1425"]
[Opening "Nimzovich-Larsen attack: classical variation"]
[ECO "A01"]
[Time "15:00:34"]
[TimeControl "2700+45"]

1. b3 d5 2. Bb2 Nc6 3. e3 e5 4. Ne2 Nf6 5. d4 e4 6. c4 Be6 7. cxd5 Bxd5 8. Nbc3
Bb4 9. Nf4 O-O 10. Nxd5 Nxd5 11. Qc2 Qf6 12. Be2 Rad8 13. O-O Nxc3 14. Bxc3 Bxc3
15. Qxc3 Qg6 16. Rac1 Rfe8 17. Rfd1 h6 18. d5 Ne7 19. Bc4 Qf6 20. Qxf6 gxf6 21.
Rd4 f5 22. Rcd1 Rd6 23. b4 Red8 24. b5 Kg7 25. a4 b6 26. g3 Kf6 27. Kg2 Ke5 28.
f4+ exf3+ 29. Kxf3 Nxd5 30. Bb3 R6d7 31. h3 Nf6 32. Rxd7 Rxd7 33. Rc1 Ne4 34.
Bd1 Rd2 35. Be2 Ng5+ 36. Kf2 Nxh3+ 37. Ke1 Rd7 38. Rc6 f6 39. Bf1 Ng5 40. Bg2
Nf7 41. Ke2 Nd8 42. Rc4 Ne6 43. Rh4 Nc5 44. Bc6 Rh7 45. Bf3 Rd7 46. Rxh6 Nxa4
47. Bc6 Re7 48. Rh4 Nc5 49. Kf3 a6 50. bxa6 Nxa6 51. Rh5 Ke6 52. Bb5 Nc5 53.
Bc4+ Ke5 54. g4 Ne4 55. Rxf5+ Kd6 56. Bd3 Ng5+ 57. Ke2 Rf7 58. Bc4 Rf8 59. Rf4
c6 60. e4 Ke5 61. Ke3 b5 62. Bb3 Kd6 63. e5+ Kxe5 64. Rf5+ Kd6 65. Kd4 Ke7 66.
Kc5 Rc8 67. Kb6 Ne4 68. Rf4 Nd6 69. Ba2 c5 70. Rf2 c4 71. Re2+ Kf7 72. Rd2 Ne4
73. Rd7+ Kg6 74. Kxb5 Nc3+ 75. Kb4 Nxa2+ 76. Ka3 c3 {White resigns} 0-1

[Event "Team 45 45 League T57"]
[Site "Internet Chess Club"]
[Date "2013.05.31"]
[Round "2"]
[White "drsigmund1"]
[Black "Bible-Believer"]
[Result "1-0"]
[WhiteElo "1549"]
[BlackElo "1501"]
[Opening "Queen's pawn game"]
[ECO "A46"]
[Time "21:00:40"]
[TimeControl "2700+45"]

1. d4 Nf6 2. Nf3 e6 3. Bf4 c5 4. c3 b6 5. e3 Bb7 6. Bd3 Be7 7. Nbd2 cxd4 8. cxd4
Nh5 9. Bg3 d6 10. Rc1 Nd7 11. Nc4 O-O 12. Nxd6 Nxg3 13. Nxb7 Qb8 14. hxg3 Qxb7
15. Bxh7+ {Black resigns} 1-0

[Event "Team 45 45 League T57"]
[Site "Internet Chess Club"]
[Date "2013.06.01"]
[Round "2"]
[White "monkhammer"]
[Black "kingsrook"]
[Result "1-0"]
[WhiteElo "1554"]
[BlackElo "1329"]
[Opening "Sicilian: Anderssen variation"]
[ECO "B41"]
[Time "14:00:34"]
[TimeControl "2700+45"]

1. e4 c5 2. Nf3 e6 3. d4 cxd4 4. Nxd4 Nf6 5. Nc3 Nc6 6. Ndb5 d5 7. exd5 exd5 8.
Bf4 Qe7+ 9. Be2 Ne5 10. Nxd5 Nxd5 11. Qxd5 Qb4+ 12. c3 Nd3+ 13. Bxd3 Qxf4 14.
Qe4+ Qxe4+ 15. Bxe4 Rb8 16. Nxa7 Bd7 17. Bd3 Ra8 18. Nb5 Rc8 19. O-O-O Be7 20.
Rhe1 Kf8 21. Kc2 Rc5 22. a4 h5 23. b4 Rg5 24. Bf1 Bf5+ 25. Kb2 Rh6 26. g3 Bg4
27. Be2 Re6 28. Bxg4 Rxe1 29. Rxe1 Rxg4 30. Kb3 Rg6 31. Nd4 Rb6 32. a5 Rf6 33.
f4 h4 34. c4 hxg3 35. hxg3 Rg6 36. Ka4 Rd6 37. Nf5 Re6 38. Rxe6 fxe6 39. Nd4 Kf7
40. Kb5 Ke8 41. Nxe6 Kf7 42. Nc5 {Black resigns} 1-0

[Event "Team 45 45 League T57"]
[Site "Internet Chess Club"]
[Date "2013.06.04"]
[Round "2"]
[White "JRussell2"]
[Black "SeniorCitizen"]
[Result "1-0"]
[WhiteElo "1394"]
[BlackElo "1305"]
[Opening "French: classical"]
[ECO "C13"]
[Time "17:00:07"]
[TimeControl "2700+45"]

1. e4 e6 2. d4 d5 3. Nc3 Nf6 4. Bg5 Be7 5. Nf3 c6 6. Bxf6 Bxf6 7. e5 Be7 8. Bd3
Bb4 9. O-O Bxc3 10. bxc3 Nd7 11. Re1 Nb6 12. Qe2 Na4 13. c4 Nb2 14. cxd5 Nxd3
15. Qxd3 cxd5 16. c4 O-O 17. cxd5 Qxd5 18. Ng5 g6 19. Ne4 Kg7 20. Nf6 Bd7 21.
Nxd5 {Black resigns} 1-0